 Dungeon Crawl Stone Soup version 0.21.1-1-g345015f (webtiles) character file.

1948 nicolaieve the Cleaver (level 8, -10/96 HPs)
             Began as a Minotaur Berserker on June 14, 2018.
             Was an Elder of Trog.
             Mangled by Grum
             ... wielding a +1 spear
              (12 damage)
             ... on level 9 of the Dungeon.
             The game lasted 00:16:44 (3857 turns).

nicolaieve the Cleaver (Minotaur Berserker)         Turns: 3857, Time: 00:16:48

Health: -10/96     AC: 13    Str: 27    XL:     8   Next: 98%
Magic:  7/7        EV:  9    Int:  4    God:    Trog [****..]
Gold:   321        SH:  0    Dex: 12    Spells: 7/7 levels left

rFire    + . .     SeeInvis .   a - +0 hand axe
rCold    x . .     Gourm    .   (no shield)
rNeg     . . .     Faith    .   r - +0 chain mail {rPois}
rPois    +         Spirit   .   (helmet restricted)
rElec    .         Reflect  .   (no cloak)
rCorr    .         Harm     .   y - +2 pair of gloves
MR       ++...                  (no boots)
Stlth    ..........             (no amulet)
HPRegen  1.26/turn              o - ring of fire
MPRegen  0.10/turn              s - ring of stealth

@: berserking, regenerating, very quick
A: retaliatory headbutt, horns 2
a: Berserk, Trog's Hand, Brothers in Arms, Burn Spellbooks, Renounce Religion


You were on level 9 of the Dungeon.
You worshipped Trog.
Trog was greatly pleased with you.
You were near starving.

You visited 1 branch of the dungeon, and saw 7 of its levels.

You collected 321 gold pieces.

Inventory:

Hand Weapons
 a - a +0 hand axe (weapon)
 f - a +2 spear of freezing
Armour
 b - a +0 animal skin
 h - a +1 pair of gloves of dexterity
 q - a +0 leather armour
 r - a +0 chain mail of poison resistance (worn)
 y - a +2 pair of gloves (worn)
Jewellery
 o - a ring of fire (left hand)
 s - a ring of stealth (right hand)
Wands
 t - a wand of clouds (5)
 u - a wand of flame (25)
Scrolls
 e - a scroll of magic mapping {unknown}
 i - 4 scrolls of teleportation {unknown}
 j - 2 scrolls of blinking {unknown}
 k - a scroll of fear {unknown}
 m - 2 scrolls of enchant weapon {unknown}
 p - 3 scrolls of remove curse {unknown}
 w - 2 scrolls of fog {unknown}
 x - 2 scrolls of amnesia {unknown}
 B - 2 scrolls of enchant armour {unknown}
Potions
 g - 2 potions of agility
 l - 3 potions of brilliance
 n - a potion of lignification
 v - a potion of heal wounds
 z - a potion of flight
 A - 2 potions of invisibility
 C - 2 potions of curing
 D - a potion of resistance {unknown}
Comestibles
 c - 12 rations
 d - 7 chunks of flesh


   Skills:
 - Level 3.6 Fighting
 + Level 12.6 Axes
 + Level 6.5 Armour
 - Level 2.1 Dodging


You had 7 spell levels left.
You didn't know any spells.

Dungeon Overview and Level Annotations

Branches:
Dungeon (6/15)             Temple (0/1) D:4

Altars:
Dithmenos
Okawaru
Vehumet
Wu Jian

Annotations:
D:9 Grum


Innate Abilities, Weirdness & Mutations

You reflexively headbutt those who attack you in melee.
You have a pair of horns on your head.


Message History

Grum hits you from afar with an enchanted spear.
* * * LOW HITPOINT WARNING * * *
The wolf bites you.
* * * LOW HITPOINT WARNING * * *
Unknown command.
Your skin crawls.
You feel resistant to hostile enchantments.
You are feeling hungry.
The wolf bites you but does no damage.
Grum hits you from afar with an enchanted spear.
* * * LOW HITPOINT WARNING * * *
Unknown command.
A red film seems to cover your vision as you go berserk!
You feel yourself moving faster!
You feel mighty!
You are near starving!
The wolf bites you.
* * * LOW HITPOINT WARNING * * *
The wolf closely misses you.
Grum hits you from afar with an enchanted spear!
You die...

############
#......@...#
#......h...#
#......g...#
##....##.###
##....##.#
#........+
#........#
#........#
##..##..##
##


You could see Grum and a wolf.

Vanquished Creatures
  3 yaks (D:9)
  A water moccasin (D:9)
  A phantom (D:6)
  4 ogres
  A wolf (D:9)
  A big kobold (D:9)
  A gnoll sergeant (D:5)
  2 scorpions
  A jelly (D:5)
  2 orc priests (D:5)
  10 orc wizards
  4 worker ants
  A howler monkey skeleton (D:4)
  8 gnolls
  8 adders
  An ooze (D:3)
  An adder skeleton (D:4)
  A worm (D:4)
  4 dart slugs
  13 orcs
  2 ball pythons
  3 giant cockroaches
  4 goblins
  2 hobgoblins (D:1)
  12 jackals
  12 kobolds
  4 quokkas
  5 frilled lizards
  A leopard gecko skeleton (D:4)
  10 rats
123 creatures vanquished.

Notes
Turn   | Place    | Note
-------+----------+-------------------------------------------
     0 | D:1      | nicolaieve the Minotaur Berserker began the quest for the Orb.
     0 | D:1      | Reached XP level 1. HP: 19/19 MP: 0/0
    67 | D:1      | Reached skill level 4 in Axes
   189 | D:1      | Reached XP level 2. HP: 23/26 MP: 1/1
   609 | D:2      | Reached skill level 5 in Axes
   616 | D:2      | Reached XP level 3. HP: 25/31 MP: 2/2
   637 | D:2      | Found an iron altar of Okawaru.
   771 | D:2      | Reached ** piety under Trog
   788 | D:2      | Found a faded altar of an unknown god.
   872 | D:2      | Reached skill level 6 in Axes
   872 | D:2      | Reached XP level 4. HP: 34/39 MP: 3/3
  1397 | D:2      | Found an ornate altar of the Wu Jian Council.
  1674 | D:3      | Reached XP level 5. HP: 43/45 MP: 4/4
  1716 | D:3      | Reached skill level 7 in Axes
  2276 | D:4      | Noticed an ogre
  2277 | D:4      | Noticed an ogre
  2292 | D:4      | Killed an ogre
  2292 | D:4      | Reached skill level 8 in Axes
  2292 | D:4      | Reached XP level 6. HP: 50/51 MP: 5/5
  2299 | D:4      | Reached skill level 9 in Axes
  2366 | D:4      | Reached *** piety under Trog
  2728 | D:4      | Found a staircase to the Ecumenical Temple.
  2880 | D:5      | Entered Level 5 of the Dungeon
  2888 | D:5      | Reached XP level 7. HP: 57/57 MP: 6/6
  2914 | D:5      | Reached skill level 10 in Axes
  3007 | D:5      | Found a radiant altar of Vehumet.
  3009 | D:5      | Found a shadowy altar of Dithmenos.
  3248 | D:5      | Reached XP level 8. HP: 18/64 MP: 7/7
  3293 | D:5      | Reached skill level 11 in Axes
  3321 | D:5      | Found an iron altar of Okawaru.
  3779 | D:6      | Reached **** piety under Trog
  3779 | D:6      | Reached skill level 5 in Armour
  3784 | D:6      | You fall through a shaft for 3 floors!
  3797 | D:9      | Reached skill level 12 in Axes
  3822 | D:9      | Noticed Grum
  3835 | D:9      | HP: 3/64 [wolf[Grum] (1)]
  3840 | D:9      | HP: 3/64 [wolf[Grum] (2)]
  3856 | D:9      | HP: 1/64 [Grum/enchanted spear (4)]
  3857 | D:9      | Mangled by Grum

Skill      XL: |  1  2  3  4  5  6  7  8 |
---------------+-------------------------+-----
Axes           | 4 5 6 8 9 10 12 | 12.6
Armour         | 4 6 |  6.5
Fighting       | |  3.6
Dodging        | |  2.1

Action                   |  1- 3 |  4- 6 |  7- 9 || total
-------------------------+-------+-------+-------++-------
Melee: Hand axe          |    61 |   132 |   138 ||   331
       Headbutt          |    12 |    29 |    27 ||    68
Invok: Berserk           |       |     3 |     5 ||     8
       Trog's Hand       |       |       |     3 ||     3
  Use: Scroll            |       |     3 |     3 ||     6
  Eat: Chunk             |       |     8 |     9 ||    17
Armor: Animal skin       |    15 |       |       ||    15
       Chain mail        |       |    36 |    87 ||   123
       Leather armour    |       |     3 |       ||     3
Dodge: Dodged            |    42 |    43 |    58 ||   143
